 Dungeon Crawl Stone Soup version 0.27-a0-811-ga052575696 (webtiles) character file.

Game seed: 16743812300371713419

2 Hot the Vexing (level 1, -1/6 (7) HPs)
             Began as a Felid Enchanter on Mar 29, 2021.
             Slain by a kobold
             ... wielding a +3 dagger of draining
              (2 damage)
             ... on level 1 of the Dungeon.
             The game lasted 00:00:36 (30 turns).

Hot the Vexing (Felid Enchanter)                      Turns: 30, Time: 00:00:39

HP:   -1/6 (7)      AC:  1    Str:  4    XL:     1   Next: 25%
MP:   3/4           EV: 17    Int: 16    God:
Gold: 0             SH:  0    Dex: 16    Spells: 3/4 levels left
                                        Lives: 0   Deaths: 0

rFire    . . .     SeeInvis +     - Unarmed
rCold    . . .     Faith    .   (shield unavailable)
rNeg     . . .     Spirit   .   (armour unavailable)
rPois    .         Reflect  .   (helmet unavailable)
rElec    .         Harm     .   (cloak unavailable)
rCorr    .         Rampage  .   (gloves unavailable)
Will     .....                  (boots unavailable)
Stlth    +++.......             (no amulet)
HPRegen  0.02/turn              (no ring)
MPRegen  0.09/turn              (no ring)

@: heavily drained, quick
A: very small, claws 1, fangs 3, see invisible, speed 1, shaggy fur 1, stealthy
paws, no weapons or thrown items, no armour, multi-lived
a: no special abilities


You were on level 1 of the Dungeon.
You visited 1 branch of the dungeon, and saw 1 of its levels.

You aren't carrying anything.


   Skills:
 + Level 2.6 Dodging
 + Level 4.0 Stealth
 + Level 1.0 Unarmed Combat
 + Level 2.0 Spellcasting
 + Level 4.5 Hexes


You had 3 spell levels left.
You knew the following spells:

 Your Spells              Type           Power      Damage    Failure   Level
a - Corona                Hex            17%        N/A       3%          1

Your spell library contained the following spells:

 Spells                   Type           Power      Damage    Failure   Level
 Confusing Touch          Hex            16%        N/A       10%         3
 Tukima's Dance           Hex            16%        N/A       10%         3
 Ensorcelled Hibernation  Hex/Ice        16%        N/A       12%         2
 Dazzling Flash           Conj/Hex       16%        N/A       24%         3


Dungeon Overview and Level Annotations

Branches:
Dungeon (1/15)

Altars:


Innate Abilities, Weirdness & Mutations

You have sharp claws.
You have razor-sharp teeth.
You have supernaturally acute eyesight. (SInv)
You cover ground quickly. (Speed+)
You are covered in fur. (AC +1)
Your stealthy paws help you sneak and pounce on unaware monsters.
You are incapable of wielding weapons or throwing items.
You cannot wear armour.
You gain extra lives every three experience levels.


Message History

You closely miss the frilled lizard.
The frilled lizard completely misses you.
Casting: Corona (safe; 3% risk of failure)
Confirm with . or Enter, or press ? or * to list all spells.
Aiming: Corona (safe; 3% risk of failure)
Press: ? - help, Shift-Dir - straight line, f - frilled lizard
Aim: a frilled lizard (chance to affect: 69%)
The frilled lizard is outlined in light.
The bat barely misses you. The frilled lizard bites you.
You scratch the frilled lizard.
You kill the frilled lizard!
The bat closely misses you.
Casting: Corona (safe; 3% risk of failure)
Confirm with . or Enter, or press ? or * to list all spells.
Aiming: Corona (safe; 3% risk of failure)
Press: ? - help, Shift-Dir - straight line, f - bat
Aim: a bat (chance to affect: 69%)
The bat is outlined in light.
The bat closely misses you. The bat hits you but does no damage.
The bat misses you.
You scratch the bat.
The bat is severely wounded.
The bat hits you but does no damage. The bat barely misses you.
You scratch the bat.
You kill the bat!
A hobgoblin and a kobold come into view.
The kobold is wielding a +3 dagger of draining.
You see here 12 gold pieces.
There are monsters nearby!
You barely miss the kobold.
The hobgoblin shouts!
You closely miss the kobold. The kobold closely misses you.
You scratch the kobold.
The kobold is heavily wounded.
The kobold hits you with a +3 dagger of draining.
Ouch! That really hurt!
* * * LOW HITPOINT WARNING * * *
You feel drained.
You die...

#.#..............#
...............##
..............#
.##.>........#
##.$........#
#...........#
#.#..########
...#.## ..## #@#
.. #K# . .g. #...#
....# ##...# #....
...##


You could see a hobgoblin and a kobold.

Vanquished Creatures
  A bat (D:1)
  A frilled lizard (D:1)
2 creatures vanquished.

Notes
Turn   | Place    | Note
-------+----------+-------------------------------------------
     0 | D:1      | Hot the Felid Enchanter began the quest for the Orb.
     0 | D:1      | Reached XP level 1. HP: 7/7 MP: 4/4
    30 | D:1      | Slain by a kobold

Illustrated notes

Levels and vault maps discovered:
D:1:      lightli_molten_gateway, layout_rooms, minmay_stone_trees_small,
          hex_medium, serial_bayou_pond_e, minmay_pentomino_o2

Action                   || total
-------------------------++-------
Melee: Unarmed           ||     8
 Cast: Corona            ||     2
Armor: Skin              ||     2
Dodge: Dodged            ||     8

Table legend: (Time is in decaauts)
 A = Elapsed time spent in this place.
 B = Non-inter-level travel time spent in this place.
 C = Inter-level travel time spent in this place.
 D = Time resting spent in this place.
 E = Time spent auto-exploring this place.
 F = Levels seen in this place.
 G = Mean time per level.
                   A        B        C        D        E       F      G
               +--------+--------+--------+--------+--------+-----+--------+
         Total |     25 |     25 |      0 |      0 |      4 |   1 |   25.0 |
       Dungeon |     25 |     25 |      0 |      0 |      4 |   1 |   25.0 |
               +--------+--------+--------+--------+--------+-----+--------+

Top non-repeatable levels by time:
     D:1: 25 daAuts
